 Dungeon Crawl Stone Soup version 0.28-a0-1159-g27aa881441 (webtiles) character file.

Game seed: 8312902391586610993

857 SensoryNuts the Covered (level 7, 0/81 HPs)
             Began as a Demonspawn Fighter on Dec 15, 2021.
             Slain by a lemure (5 damage)
             ... led by Pikel
             ... on level 5 of the Dungeon.
             The game lasted 00:06:10 (5135 turns).

SensoryNuts the Covered (Demonspawn Fighter)        Turns: 5135, Time: 00:06:10

Health: 0/81       AC: 23    Str: 18    XL:     7   Next: 70%
Magic:  7/7        EV:  2    Int: 10    God:
Gold:   505        SH:  5    Dex: 12    Spells: 6/6 levels left

rFire   . . .      SeeInvis .   k - +4 short sword (vamp)
rCold   . . .      Faith    .   c - +1 buckler
rNeg    . . .      Spirit   .   (armour currently unavailable)
rPois   +          Reflect  .   (helmet currently unavailable)
rElec   .          Harm     .   (cloak currently unavailable)
rCorr   .          Rampage  .   (gloves currently unavailable)
Will    .....      NoTele   +   (boots currently unavailable)
Stlth   ++........              (no amulet)
HPRegen 0.23/turn               (no ring)
MPRegen 0.10/turn               (no ring)

@: tree-form
A: stationary, stasis, torment immunity, boosted hp, (antennae 1), powered by
death 1, (spiny 1)
a: no special abilities


You were on level 5 of the Dungeon.
You were a tree.
You visited 1 branch of the dungeon, and saw 5 of its levels.
You also visited: Ossuary.

You collected 505 gold pieces.

Inventory:

Hand Weapons
 a - a +0 long sword
 d - a +3 vorpal scythe
 k - a +4 vampiric short sword (weapon)
Armour
 b - a +0 scale mail (melded)
 c - a +1 buckler (worn)
Jewellery
 e - an amulet of magic regeneration
Scrolls
 f - a scroll of blinking {unknown}
 j - a scroll of identify
 l - a scroll of amnesia
 m - a scroll of noise
 o - 5 scrolls of fog


   Skills:
 + Level 4.2 Fighting
 + Level 4.1(4.6) Short Blades
 + Level 3.2(4.2) Long Blades
 + Level 4.9 Armour
 + Level 1.5 Dodging
 + Level 1.2 Stealth
 + Level 3.5 Shields


You had 6 spell levels left.
You didn't know any spells.
Your spell library contained the following spells:

 Spells                   Type           Power      Damage    Failure   Level
 Ozocubu's Armour         Ice            0%         N/A       75%         3
 Metabolic Englaciation   Hex/Ice        0%         N/A       100%        5
 Simulacrum               Ice/Necr       0%         N/A       100%        6


Dungeon Overview and Level Annotations

Branches:
Dungeon (5/15)            Ossuary (visited)
 Temple: D:4-7

Altars:

Shops:
D:2 (   D:4 [*=[[

Annotations:
D:5 Pikel


Innate Abilities, Weirdness & Mutations

You are a tree.
Your roots penetrate the ground, keeping you stationary.
You cannot be teleported.
You are immune to unholy pain and torment.
Your maximum health is greatly increased.
Your equipment is partially melded.
((You have a pair of small antennae on your head.))
You regenerate a little health from kills.
((You are partially covered in sharp spines.))


Message History

The lemure closely misses you.
You hit Pikel but do no damage.
Pikel is lightly wounded.
Pikel hits you with a +1 whip of freezing!
Pikel freezes you. The lemure is struck by your spines. The lemure hits you.
You closely miss Pikel.
Pikel is lightly wounded.
Pikel hits you but does no damage. You block the lemure's attack.
You hit Pikel.
You feel better.
Pikel is moderately wounded.
Pikel is struck by your spines.
Pikel hits you with a +1 whip of freezing.
Pikel freezes you. The lemure hits you.
You hit Pikel but do no damage.
Pikel is heavily wounded.
Pikel scowls and wipes his hands on his robe.
Pikel hits you with a +1 whip of freezing.
Pikel freezes you.
You hit Pikel but do no damage.
Pikel is heavily wounded.
The lemure hits you.
Pikel hits you with a +1 whip of freezing!
* * * LOW HITPOINT WARNING * * *
Pikel freezes you.
* * * LOW HITPOINT WARNING * * *
Really quaff the potion of lignification?
Okay, then.
You miss Pikel.
Pikel is heavily wounded.
The lemure hits you.
* * * LOW HITPOINT WARNING * * *
Pikel hits you with a +1 whip of freezing.
* * * LOW HITPOINT WARNING * * *
Pikel freezes you.
* * * LOW HITPOINT WARNING * * *
Really quaff the potion of lignification?
You turn into a tree.
Your +0 scale mail melds into your body.
Your roots penetrate the ground.
The lemure hits you.
You die...

####### #
##...... ..
#..###.# ...
#..#.#.# ....
#..#.#.# .....
#..#....
.>...g####
#..#....
....g555K#
#..#####
...g..##♣#
#####.......
..... #.#
#.....##...#
.... #.##
#...####.### #.#
#..##
##.)...>.... #
##..#
##.##......
##.## #)##......
#..####)....####
##........####
##....#.....###


You could see Pikel, 3 lemures and 2 gnolls.

Vanquished Creatures
  Sigmund (D:5)
  An ogre (D:5)
  2 scorpions (D:5)
  A bullfrog zombie (D:5)
  A human zombie (Ossuary)
  2 orc priests (D:5)
  A bullfrog skeleton (D:5)
  Jessica (D:3)
  2 iguanas (D:4)
  An orc wizard (D:4)
  2 mummies (Ossuary)
  A gnoll (D:5)
  7 adders
  A white imp (D:5)
  2 ufetubi (D:5)
  3 dart slugs
  17 orcs
  13 ball pythons
  3 bats
  6 endoplasms
  5 giant cockroaches
  4 gnoll zombies (Ossuary)
  8 goblins
  7 hobgoblins
  8 kobolds
  3 quokkas
  2 frilled lizards (D:1)
  A goblin zombie (Ossuary)
  3 hobgoblin zombies (Ossuary)
  5 orc zombies (Ossuary)
  6 rats
  2 rat zombies (D:5)
122 creatures vanquished.

Vanquished Creatures (others)
  3 toadstools (D:4)
3 creatures vanquished.

Grand Total: 125 creatures vanquished

Notes
Turn   | Place    | Note
-------+----------+-------------------------------------------
     0 | D:1      | SensoryNuts the Demonspawn Fighter began the quest for the
                  | Orb.
     0 | D:1      | Reached XP level 1. HP: 18/18 MP: 1/1
   445 | D:1      | Gained mutation: You are partially covered in sharp spines.
                  | [demonic ancestry]
   445 | D:1      | Reached XP level 2. HP: 20/24 MP: 2/2
   981 | D:2      | Gained mutation: You regenerate a little health from kills.
                  | [demonic ancestry]
   981 | D:2      | Reached XP level 3. HP: 29/29 MP: 3/3
  1017 | D:2      | Found Keupegidd's Weapon Shop.
  1103 | D:2      | Found a faded altar of an unknown god.
  1568 | D:3      | Reached XP level 4. HP: 28/35 MP: 4/4
  2453 | D:3      | Noticed Jessica
  2462 | D:3      | Killed Jessica
  2463 | D:3      | Reached XP level 5. HP: 29/41 MP: 5/5
  3039 | D:4      | Found Jiat's Antique Armour Shop.
  3100 | D:4      | Reached skill level 1 in Short Blades
  3357 | D:4      | Found Qinekk's Armour Shop.
  3431 | D:4      | Found Boosytz's Antique Armour Shoppe.
  3630 | D:4      | Found Dajyppil's Assorted Antiques.
  3800 | D:4      | Found Zosoeduf's Jewellery Emporium.
  4161 | D:5      | Entered Level 5 of the Dungeon
  4161 | D:5      | Noticed an ogre
  4168 | D:5      | Killed an ogre
  4169 | D:5      | Reached skill level 1 in Dodging
  4169 | D:5      | Gained mutation: You have a pair of small antennae on your
                  | head. [demonic ancestry]
  4169 | D:5      | Reached XP level 6. HP: 8/48 MP: 6/6
  4402 | D:5      | Noticed Sigmund
  4413 | D:5      | Killed Sigmund
  4414 | D:5      | Reached skill level 1 in Stealth
  4414 | D:5      | Reached XP level 7. HP: 37/54 MP: 7/7
  4559 | D:5      | Found a sand-covered staircase.
  4572 | Ossuary  | Entered an ossuary
  5118 | D:5      | Noticed Pikel
  5135 | D:5      | Slain by a lemure

Illustrated notes

Levels and vault maps discovered:
D:1:      psy_arrival_basics, layout_basic
D:2:      layout_loops_ring, serial_shops, nicolae_diamond_shop,
          nicolae_ecumenical_snake_handling
D:3:      layout_basic, uniq_jessica
D:4:      minmay_skewed_foursquare, layout_loops_ring, serial_shops,
          nicolae_shop_hallway_stairs, shop, kennysheep_little_box,
          nicolae_inconvenience_store, nicolae_lakefront_shop,
          minmay_gold_behind_fungi, dk_noncrumbling_4
D:5:      layout_rooms, minmay_temple_entry_sparse_star, enter_ossuary_4,
          serial_shops, shop, uniq_sigmund, uniq_pikel

Skill      XL: |  1  2  3  4  5  6  7 |
---------------+----------------------+-----
Long Blades    | 2 3 |  3.2
Shields        | 3 |  3.5
Armour         | 3 4 |  4.9
Short Blades   | 2 3 4 |  4.1
Dodging        | 1 |  1.5
Fighting       | 4 |  4.2
Stealth        | 1 |  1.2

Action                   |  1- 3 |  4- 6 |  7- 9 || total
-------------------------+-------+-------+-------++-------
Melee: Long sword        |    75 |       |       ||    75
       Short sword       |     4 |   111 |    92 ||   207
  Use: Scroll            |       |     6 |     1 ||     7
       Potion            |       |     6 |     3 ||     9
Armor: Scale mail        |    31 |    23 |    21 ||    75
Dodge: Dodged            |    33 |    35 |    26 ||    94
Block: Buckler           |    19 |    23 |    17 ||    59

Table legend: (Time is in decaauts)
 A = Elapsed time spent in this place.
 B = Non-inter-level travel time spent in this place.
 C = Inter-level travel time spent in this place.
 D = Time resting spent in this place.
 E = Time spent auto-exploring this place.
 F = Levels seen in this place.
 G = Mean time per level.
                   A        B        C        D        E       F      G
               +--------+--------+--------+--------+--------+-----+--------+
         Total |   5159 |   4953 |    206 |    323 |   3866 |   6 |  859.8 |
       Dungeon |   4987 |   4781 |    206 |    323 |   3827 |   5 |  997.4 |
       Ossuary |    171 |    171 |      0 |      0 |     39 |   1 |  171.0 |
               +--------+--------+--------+--------+--------+-----+--------+

Top non-repeatable levels by time:
     D:3: 1453 daAuts
     D:4: 1157 daAuts
     D:1: 964 daAuts
     D:5: 793 daAuts
     D:2: 618 daAuts
 Ossuary: 171 daAuts
